 Dungeon Crawl Stone Soup version 0.23.2-30-g0e89c35649 (webtiles) character file.

Game seed: 324311295285041237

7 MalarOregon the Digger (level 2, -2/21 (22) HPs)
             Began as a Ghoul Earth Elementalist on June 7, 2019.
             Slain by a jackal (3 damage)
             ... on level 1 of the Dungeon.
             The game lasted 00:00:55 (337 turns).

MalarOregon the Digger (Ghoul Earth Elementalist)    Turns: 337, Time: 00:00:56

HP:   -2/21 (22)    AC:  2    Str: 11    XL:     2   Next: 4%
MP:   2/3           EV: 12    Int: 10    God:
Gold: 15            SH:  0    Dex:  9    Spells: 3/4 levels left

rFire    . . .     SeeInvis .   (no weapon)
rCold    + . .     Gourm    .   (no shield)
rNeg     + + +     Faith    .   c - +0 robe
rPois    ∞         Spirit   .   (no helmet)
rElec    .         Reflect  .   (no cloak)
rCorr    .         Harm     .   (no gloves)
MR       .....                  (no boots)
Stlth    ++........             (no amulet)
HPRegen  0.00/turn              (no ring)
MPRegen  0.08/turn              (no ring)

@: rotting
A: rotting body, claws 1, carnivore, cold resistance 1, negative energy
resistance 3, inhibited regeneration, torment resistance, unbreathing
a: no special abilities


You were on level 1 of the Dungeon.
You were not hungry.

You visited 1 branch of the dungeon, and saw 1 of its levels.

You collected 15 gold pieces.

Inventory:

Missiles
 b - 29 stones (quivered)
Armour
 c - a +0 robe (worn)
Scrolls
 d - a scroll of identify {unknown}
Potions
 a - a potion of degeneration {unknown}


   Skills:
 * Level 0.6 Fighting
 * Level 1.9 Dodging
 + Level 2.3 Stealth
 + Level 1.8 Spellcasting
   Level 0.8 Transmutations
 * Level 3.4 Earth Magic


You had 3 spell levels left.
You knew the following spells:

 Your Spells              Type           Power        Failure   Level  Hunger
a - Sandblast             Erth           #.....       8%          1    ##.....

Your spell library contained the following spells:

 Spells                   Type           Power        Failure   Level  Hunger
 Passwall                 Tmut/Erth      #.......     21%         2    ###....
 Stone Arrow              Conj/Erth      #.....       43%         3    ####...
 Petrify                  Tmut/Erth      #.......     78%         4    #####..
 Lee's Rapid Deconstruct  Erth           #.........   91%         5    ######.


Dungeon Overview and Level Annotations

Branches:
Dungeon (1/15)

Altars:


Innate Abilities, Weirdness & Mutations

Your body is rotting away.
You thrive on raw meat.
You are immune to poison.
You have sharp fingernails.
You are carnivorous and can eat meat at any time.
Your flesh is cold resistant. (rC+)
You are immune to negative energy. (rN+++)
You do not regenerate when monsters are visible.
You are immune to unholy pain and torment.
You can survive without breathing.


Message History

The goblin is too close now for your liking.
You scratch the goblin but do no damage.
The goblin hits you with a +0 club.
* * * LOW HITPOINT WARNING * * *
You barely miss the goblin. The goblin hits you but does no damage.
You closely miss the goblin. You barely miss the goblin.
The goblin barely misses you.
You scratch the goblin. The goblin hits you but does no damage.
You closely miss the goblin. The goblin hits you but does no damage.
You scratch the goblin.
You kill the goblin!
Things that are here:
a +0 club; a cursed -2 club; a goblin corpse You butcher the goblin corpse.
f - a chunk of flesh
Things that are here:
a +0 club; a cursed -2 club; a goblin skeleton Eat a chunk of flesh? (ye/n/q)
You eat the chunk of flesh.
This raw flesh tastes great!
You eat the ration {!d}.
That ration really hit the spot!
You start resting.
You feel your flesh rotting away.
A jackal comes into view.
You are too injured to fight recklessly!
You are too injured to fight recklessly!
Unknown command.
The jackal barks!
A jackal comes into view.
You barely miss the jackal. The jackal barely misses you. x2
The jackal barks!
You scratch the jackal. The jackal barely misses you.
You barely miss the jackal. The jackal barely misses you.
The jackal misses you.
You barely miss the jackal. The jackal bites you.
* * * LOW HITPOINT WARNING * * *
You miss the jackal. The jackal bites you.
* * * LOW HITPOINT WARNING * * *
The jackal barely misses you.
You scratch the jackal but do no damage.
The jackal misses you.
You scratch the jackal.
You kill the jackal!
You have reached level 2!
The jackal bites you.
* * * LOW HITPOINT WARNING * * *
Aim: a jackal The blast of sand hits the jackal.
b - 29 stones The jackal bites you.
You die...

##...........[..# ##
#.###..........# ..## ##.#
#..........# #...
###..###..........# ....#
###.....##.........##
#....###..##...##..#.....##
#......##..#.#...######
##....##...###.....#
#...<....@#######..#
#....#####h........#
.....####.............#
...#######......).........#
..... ...#...............#
..... #.#..............##
....# #.#.#h....#.....##
.....###(.....##########
#.....#...##


You could see a jackal.

Vanquished Creatures
  3 goblins (D:1)
  2 hobgoblins (D:1)
  A jackal (D:1)
6 creatures vanquished.

Notes
Turn   | Place    | Note
-------+----------+-------------------------------------------
     0 | D:1      | MalarOregon the Ghoul Earth Elementalist began the quest
                  | for the Orb.
     0 | D:1      | Reached XP level 1. HP: 14/14 MP: 2/2
   336 | D:1      | Reached XP level 2. HP: 3/21 MP: 3/3
   336 | D:1      | HP: 1/21 [jackal (2)]
   337 | D:1      | Slain by a jackal

Action                   || total
-------------------------++-------
Melee: Unarmed           ||    39
 Cast: Sandblast         ||     1
  Eat: Chunk             ||     4
       Ration            ||     1
Armor: Robe              ||     2
Dodge: Dodged            ||    20
